 Dungeon Crawl Stone Soup version 0.25.1-2-g60ff931df9 (webtiles) character file.

Game seed: 16819770287694219364

372 Allula97 the Sneak (level 6, -2/47 HPs)
             Began as a Demonspawn Assassin on Nov 13, 2020.
             Killed by nerve-wracking pain
             ... invoked by an orc priest
              (12 damage)
             ... on level 4 of the Dungeon.
             The game lasted 00:20:06 (3064 turns).

Allula97 the Sneak (Demonspawn Assassin)            Turns: 3064, Time: 00:20:06

Health: -2/47      AC: 14    Str: 13    XL:     6   Next: 43%
Magic:  6/6        EV:  9    Int: 12    God:
Gold:   208        SH:  0    Dex: 15    Spells: 5/5 levels left

rFire    x . .     SeeInvis .   a - +2 dagger
rCold    + + .     Gourm    .   (no shield)
rNeg     . . .     Faith    +   r - +0 ice dragon scales
rPois    .         Spirit   .   (no helmet)
rElec    .         Reflect  .   c - +0 cloak
rCorr    .         Harm     .   (no gloves)
MR       .....                  (no boots)
Stlth    +.........             b - amulet of faith
HPRegen  0.15/turn              (no ring)
MPRegen  0.10/turn              (no ring)

@: flying
A: hooves 1, iridescent scales 2
a: no special abilities


You were on level 4 of the Dungeon.
You were hungry.

You visited 1 branch of the dungeon, and saw 4 of its levels.

You collected 208 gold pieces.

Inventory:

Hand Weapons
 a - a +2 dagger (weapon)
Missiles
 d - 9 poisoned darts
 e - a curare-tipped dart (quivered)
 l - 2 throwing nets
Armour
 c - a +0 cloak (worn)
 p - a +1 leather armour of poison resistance
 r - +0 ice dragon scales (worn)
 t - a +0 kite shield
Jewellery
 b - an amulet of faith (around neck)
Wands
 n - a wand of digging (4)
 s - a wand of random effects (24)
Scrolls
 h - 2 scrolls of enchant armour {unknown}
 m - a scroll of remove curse {unknown}
 o - a scroll of enchant weapon {unknown}
 q - a scroll of noise {unknown}
 u - a scroll of blinking {unknown}
Potions
 g - a potion of flight
 j - 2 potions of ambrosia
 k - a potion of curing
Comestibles
 f - 4 rations


   Skills:
 * Level 3.5 Fighting
 * Level 3.0 Short Blades
 + Level 2.4 Throwing
 * Level 1.3 Armour
 + Level 2.6 Dodging
 * Level 4.9 Stealth


You had 5 spell levels left.
You didn't know any spells.
Your spell library was empty.

Dungeon Overview and Level Annotations

Branches:
Dungeon (4/15)
 Temple: D:4-7

Altars:
Ashenzari
Cheibriados
Trog
Yredelemnul


Innate Abilities, Weirdness & Mutations

You have large cloven feet.
You are mostly covered in iridescent scales. (AC +4)


Message History

The orc closely misses you.
You hit the orc priest.
You kick the orc priest, but do no damage.
The orc priest is lightly wounded.
The orc priest casts a cantrip, but nothing happens.
The orc hits you but does no damage. x2
You hit the orc priest.
You kick the orc priest, but do no damage.
The orc priest is heavily wounded.
The orc priest hits you with a +0 short sword.
* * * LOW HITPOINT WARNING * * *
The orc closely misses you.
The orc warrior hits you with a +0 hand axe.
* * * LOW HITPOINT WARNING * * *
The orc hits you but does no damage.
You closely miss the orc priest. Your kick misses the orc priest.
The orc priest is heavily wounded.
The orc priest calls down the wrath of Beogh upon you.
Pain shoots through your body!
You die...

...##...####..##.#..........#.#
####.##............#..........#.#
....................###...#####.#
................###.# #...# #.#
...#..#...#.###.# #.# #...#####.#
...#..#.....# #.###.###..........
............# #.#oo.).###########
..........#.###o#o....# #.....##
................@oo♣..# #.....+.
###.............#.♣♣..# #.......
.......>.....##.#.....####.......
####.##...#..##............._....
# #.####.#..##.......###........
####....).............# #.....8..
#.........##.##.#.....# ##.......
#............##.#.....#####._....
#.#..###..#..##.##'#####.........


You could see an orc warrior, 2 orc priests and 3 orcs.

Vanquished Creatures
  Edmund (D:4)
  An orc priest (D:4)
  An orc wizard (D:4)
  Jessica (D:3)
  Terence (D:2)
  6 adders
  An adder zombie (D:3)
  3 worms
  A dart slug (D:2)
  2 leopard geckos
  7 orcs
  7 bats
  3 giant cockroaches
  4 goblins
  7 hobgoblins
  4 jackals (D:4)
  8 kobolds
  3 quokkas
  A ball python (D:3)
  4 frilled lizards
  5 rats
71 creatures vanquished.

Notes
Turn   | Place    | Note
-------+----------+-------------------------------------------
     0 | D:1      | Allula97 the Demonspawn Assassin began the quest for the
                  | Orb.
     0 | D:1      | Reached XP level 1. HP: 16/16 MP: 1/1
   103 | D:1      | Reached skill level 1 in Dodging
   118 | D:1      | Gained mutation: You have large cloven feet. [demonic
                  | ancestry]
   118 | D:1      | Reached XP level 2. HP: 19/22 MP: 2/2
   428 | D:1      | Reached skill level 4 in Stealth
   579 | D:2      | Found a snail-covered altar of Cheibriados.
   622 | D:2      | Reached XP level 3. HP: 26/28 MP: 3/3
   816 | D:2      | Noticed Terence
   834 | D:2      | Killed Terence
   879 | D:2      | Gained mutation: You are partially covered in iridescent
                  | scales. (AC +2) [demonic ancestry]
   879 | D:2      | Reached XP level 4. HP: 34/34 MP: 4/4
  1844 | D:3      | Noticed Jessica
  1855 | D:3      | Killed Jessica
  1855 | D:3      | Reached XP level 5. HP: 32/40 MP: 5/5
  2415 | D:4      | Noticed Edmund
  2442 | D:4      | Reached skill level 1 in Armour
  2446 | D:4      | Killed Edmund
  2446 | D:4      | Gained mutation: You are mostly covered in iridescent
                  | scales. (AC +4) [demonic ancestry]
  2446 | D:4      | Reached XP level 6. HP: 23/47 MP: 6/6
  2910 | D:4      | Found a basalt altar of Yredelemnul.
  2912 | D:4      | Found a bloodstained altar of Trog.
  2915 | D:4      | Found a shattered altar of Ashenzari.
  3023 | D:4      | Noticed an orc warrior
  3064 | D:4      | Killed from afar by an orc priest

Illustrated notes

Levels and vault maps discovered:
D:1:      sevenhm_arrival_forest_fort_small_4, layout_loops_ring
D:2:      minmay_chambers_of_ones, layout_basic, kennysheep_slug_shrine,
          uniq_terence
D:3:      layout_basic, uniq_jessica
D:4:      layout_basic, grunt_temple_overflow_open, kennysheep_crisscross,
          chequers_mini_garden, kennysheep_generic_room_6, uniq_edmund

Skill      XL: |  1  2  3  4  5  6 |
---------------+-------------------+-----
Dodging        | 1 2 |  2.6
Stealth        | 4 |  4.9
Short Blades   | 2 3 |  3.0
Throwing       | 2 |  2.4
Fighting       | 3 |  3.5
Armour         | 1 |  1.3

Action                   |  1- 3 |  4- 6 || total
-------------------------+-------+-------++-------
Melee: Dagger            |    61 |   143 ||   204
       Kick              |     9 |    34 ||    43
Throw: Dart              |    14 |    21 ||    35
       Throwing net      |       |     2 ||     2
  Use: Scroll            |       |     3 ||     3
       Potion            |       |     5 ||     5
 Stab: Sleeping          |     5 |     8 ||    13
  Eat: Chunk             |       |     6 ||     6
Armor: Robe              |     6 |    15 ||    21
       Ice dragon scales |       |    51 ||    51
Dodge: Dodged            |    29 |    63 ||    92
